 Dungeon Crawl Stone Soup version 0.23.0 (webtiles) character file.

Game seed: 4906611551846455020

49853 Lobben the Fighter (level 14, -8/96 HPs)
             Began as a Gargoyle Gladiator on Feb 10, 2019.
             Was the Champion of Okawaru.
             Killed from afar by a manticore (14 damage)
             ... with a volley of spikes
             ... on level 3 of the Shoals on Feb 13, 2019.
             The game lasted 02:53:06 (19704 turns).

Lobben the Fighter (Gargoyle Gladiator)            Turns: 19704, Time: 02:53:09

Health: -8/96      AC: 35    Str: 20    XL:     14   Next: 52%
Magic:  18/19      EV: 15    Int:  9    God:    Okawaru [******]
Gold:   780        SH:  5    Dex: 20    Spells: 13/13 levels left

rFire    + . .     SeeInvis .   W - +2 great mace (drain)
rCold    . . .     Gourm    .   (shield currently unavailable)
rNeg     + . .     Faith    .   D - +4 plate armour {rF+}
rPois    ∞         Spirit   .   c - +0 helmet
rElec    +         Reflect  +   p - +0 cloak {+Inv}
rCorr    .         Harm     .   T - +0 pair of gloves
MR       ++...                  m - +0 pair of boots
Stlth    ..........             n - +5 amulet of reflection
HPRegen  0.26/turn              F - ring of protection from magic
MPRegen  0.16/turn              j - +6 ring of dexterity

@: about to teleport, heroism, barbed spikes, flying, very slightly contaminated
A: big wings, negative energy resistance 1, electricity resistance, unbreathing,
petrification resistance, rot immunity, AC +10
a: Stop Flying, Heroism, Finesse, Renounce Religion, Evoke Invisibility


You were on level 3 of the Shoals.
You worshipped Okawaru.
Okawaru was exalted by your worship.
You were not hungry.

You visited 4 branches of the dungeon, and saw 21 of its levels.
You also visited: Ossuary, Bailey and Ice Cave.

You collected 1488 gold pieces.
You spent 708 gold pieces at shops.

Inventory:

Hand Weapons
 a - a +2 eveningstar of draining
 y - the +3 mace of Abstinence {crush, +Rage Str+6}
   (Okawaru gifted it to you on level 13 of the Dungeon)

   It inflicts extra damage upon your enemies.
   It affects your strength (+6).
   It lets you go berserk.
 O - a +4 mace of holy wrath
 W - a +2 great mace of draining (weapon)
Missiles
 d - a throwing net (quivered)
 Q - 22 tomahawks of returning
Armour
 c - a +0 helmet (worn)
 m - a +0 pair of boots (worn)
 p - a +0 cloak of invisibility (worn)
 t - a scarf of spirit shield
 u - a +2 chain mail of magic resistance
 D - a +4 plate armour of fire resistance (worn)
 T - a +0 pair of gloves (worn)
Jewellery
 j - a +6 ring of dexterity (right hand)
 n - a +5 amulet of reflection (around neck)
 F - a ring of protection from magic (left hand)
Wands
 g - a wand of digging (8)
 x - a wand of iceblast (17)
 C - a wand of flame (42)
 J - a wand of clouds (1)
 V - a wand of paralysis (11)
Scrolls
 b - 7 scrolls of amnesia
 h - a scroll of enchant armour
 i - 6 scrolls of magic mapping
 k - 4 scrolls of identify
 v - 5 scrolls of fear
 w - 6 scrolls of teleportation
 B - a scroll of random uselessness {unknown}
 H - 4 scrolls of enchant weapon
 K - a scroll of silence {unknown}
 N - 2 scrolls of blinking
 U - a scroll of brand weapon {unknown}
 X - a scroll of remove curse
 Y - a scroll of acquirement {unknown}
 Z - a scroll of vulnerability {unknown}
Potions
 l - 8 potions of curing
 o - a potion of invisibility {unknown}
 q - 3 potions of mutation
 s - 5 potions of brilliance
 z - 4 potions of flight
 A - a potion of haste
 E - 4 potions of might
 G - 2 potions of cancellation
 I - 2 potions of ambrosia
 L - 5 potions of lignification
Miscellaneous
 M - a phantom mirror
 R - a lamp of fire
 S - a crystal ball of energy
Comestibles
 f - 30 rations
 r - 3 chunks of flesh


   Skills:
 * Level 14.8(19.8) Fighting
 * Level 14.0(19.0) Maces & Flails
 - Level 1.7(6.7) Throwing
 - Level 5.7(10.7) Armour
 + Level 8.9(13.9) Dodging
   Level 7.6(12.6) Shields
 - Level 7.4 Invocations
 + Level 3.4 Evocations


You had 13 spell levels left.
You didn't know any spells.
Your spell library contained the following spells:

 Spells                   Type           Power        Failure   Level  Hunger
 Animate Skeleton         Necr           N/A          100%        1    ##.....
 Apportation              Tloc           #.....       100%        1    ##.....
 Beastly Appendage        Tmut           #.....       100%        1    ##.....
 Confusing Touch          Hex            #.....       100%        1    ##.....
 Flame Tongue             Conj/Fire      #....        100%        1    ##.....
 Magic Dart               Conj           #...         100%        1    ##.....
 Summon Small Mammal      Summ           #...         100%        1    ##.....
 Blink                    Tloc           N/A          100%        2    ###....
 Call Imp                 Summ           #.......     100%        2    ###....
 Slow                     Hex            #.......     100%        2    ###....
 Sticks to Snakes         Tmut           #.......     100%        2    ###....
 Throw Flame              Conj/Fire      #.....       100%        2    ###....
 Call Canine Familiar     Summ           #.......     100%        3    ####...
 Conjure Flame            Conj/Fire      #.......     100%        3    ####...
 Inner Flame              Hex/Fire       #.......     100%        3    ####...
 Mephitic Cloud           Conj/Pois/Air  #.......     100%        3    ####...
 Spider Form              Tmut/Pois      #.........   100%        3    ####...
 Summon Guardian Golem    Hex/Summ       #.......     100%        3    ####...
 Ice Form                 Ice/Tmut       #.......     100%        4    #####..
 Sticky Flame             Conj/Fire      #.......     100%        4    #####..
 Summon Ice Beast         Ice/Summ       #.......     100%        4    #####..
 Summon Lightning Spire   Summ/Air       #.......     100%        4    #####..
 Blade Hands              Tmut           #.........   100%        5    ######.
 Fireball                 Conj/Fire      #.........   100%        5    ######.


Dungeon Overview and Level Annotations

Branches:
Dungeon (13/15)            Temple (1/1) D:4            Lair (4/6) D:8
 Shoals (3/4) Lair:2          Orc (0/2) D:12
  Snake: Lair:2-4    Spider: Lair:2-4    Vaults: D:13-14

Altars:
Ashenzari
Cheibriados
Dithmenos
Elyvilon
Fedhas
Hepliaklqana
Kikubaaqudgha
Makhleb
Nemelex Xobeh
Okawaru
Qazlal
Ru
Sif Muna
Trog
Uskayaw
Vehumet
Wu Jian
Xom
Yredelemnul
The Shining One

Shops:
D:9 [   D:10 [


Innate Abilities, Weirdness & Mutations

You are resistant to torment.
Your stone body is resilient. (AC +10)
You are immune to poison.
Your large and strong wings let you fly indefinitely.
You resist negative energy. (rN+)
You are resistant to electric shocks. (rElec)
You can survive without breathing.
You are immune to petrification.
You are immune to rotting.


Message History

Blink to where?
Press: ? - help, Dir - move target cursor You are very lightly contaminated with residual magic.
As you read the scroll of blinking, it crumbles to dust.
A sea snake and 2 fauns come into view.
The sea snake hisses angrily.
The faun shouts! x2
The faun unwields a +0 club.
The faun wields a +0 hunting sling.
The faun shoots a sling bullet.
The sling bullet hits you but does no damage.
The manticore flicks its tail.
The volley of spikes reflects off an invisible shield around you!
The volley of spikes hits the manticore!
Found a scroll of enchant weapon.
Found a stone staircase leading up.
As you read the scroll of teleportation, it crumbles to dust.
You feel strangely unstable.
A faun comes into view. It is wielding a +0 spear.
The manticore flicks its tail.
The volley of spikes hits you!
The barbed spikes become lodged in your body.
You die...

≈≈≈≈≈.....c...
≈≈≈≈....?....
≈≈≈≈.....cc. ≈≈≈≈.S.....
≈≈≈....... ≈≈≈......
≈≈≈.....#...........#
≈≈≈....@#...........#.
≈≈.....#.............#
≈≈.....#(............#≈
≈...................m.≈
.......#.............#≈≈
.......#...H.........#.≈
........#.....†.....#..≈
<.......#....(t(.[..#.≈≈
.≈≈≈......P(..P.....≈≈


You could see a sea snake, a snapping turtle, 3 fauns and a manticore.

Vanquished Creatures
  Rupert (D:12)
  Gastronok (D:8)
  A merfolk javelineer (Shoals:3)
  3 centaur warriors (D:13)
  A merfolk avatar (Shoals:1)
  A death knight (D:12)
  An alligator snapping turtle (Shoals:2)
  2 two-headed ogres
  Urug (D:12)
  2 sea snakes
  An orc knight (Bailey)
  2 wolf spider zombies (D:13)
  4 harpies (Shoals:3)
  6 manticores
  5 fauns
  2 cyclopes
  2 deep elf magi
  2 ugly things (D:13)
  Maurice (D:13)
  6 elephants (Lair:2)
  5 merfolk sirens
  5 water nymphs
  A gargoyle (D:11)
  2 spiny frogs
  3 centaur skeletons
  A rime drake (Lair:4)
  2 ice devils (IceCv)
  A komodo dragon (Lair:1)
  4 merfolk
  2 trolls
  A hornet (D:10)
  2 wind drakes
  8 slime creatures
  4 snapping turtles
  7 blink frogs
  5 hippogriffs
  19 yaks
  A water elemental (Shoals:3)
  4 wyverns
  2 basilisks
  Eustachio (D:6)
  A hungry ghost (D:13)
  4 wargs (D:12)
  3 porcupines
  5 water moccasins
  A black bear (D:11)
  An ice beast (D:11)
  A hornet zombie (D:8)
  A sky beast (D:9)
  An eye of draining (D:9)
  9 orc warriors
  2 phantoms
  A wolf (D:8)
  2 ogres
  15 centaurs
  5 crocodiles
  11 bullfrogs
  A wyvern zombie (Ossuary)
  4 scorpions
  17 killer bees
  4 wights (D:10)
  5 electric eels (D:8)
  A howler monkey (D:8)
  6 crimson imps
  5 bullfrog zombies
  12 hounds
  2 centaur zombies
  2 jellies
  15 orc wizards
  8 orc priests
  3 bullfrog skeletons
  9 mummies (Ossuary)
  3 iguanas
  5 worker ants
  A killer bee zombie (D:6)
  3 hound zombies
  A hound skeleton (D:10)
  4 worker ant zombies
  11 gnolls
  A howler monkey zombie (Ossuary)
  10 adders
  4 shadow imps
  12 white imps (D:11)
  3 oozes
  4 adder zombies
  2 worms (D:3)
  6 dart slugs (D:1)
  7 leopard geckos
  39 orcs
  A ball python (D:3)
  3 bats
  6 giant cockroaches
  15 goblins
  15 hobgoblins
  3 jackals (D:3)
  10 kobolds
  4 quokkas
  5 frilled lizards
  2 giant cockroach zombies (Ossuary)
  A jackal zombie (Ossuary)
  A leopard gecko skeleton (D:3)
  A leopard gecko zombie (Ossuary)
  2 quokka skeletons
  A quokka zombie (D:9)
  4 rats
  A plant (D:6)
473 creatures vanquished.

Vanquished Creatures (others)
  Nessos (D:12)
  An orc (D:10)
  5 kobolds (Bailey)
  A plant (Shoals:3)
  3 withered plants (Ossuary)
11 creatures vanquished.

Grand Total: 484 creatures vanquished

Notes
Turn   | Place    | Note
-------+----------+-------------------------------------------
     0 | D:1      | Lobben the Gargoyle Gladiator began the quest for the Orb.
     0 | D:1      | Reached XP level 1. HP: 12/12 MP: 1/1
   317 | D:1      | Reached XP level 2. HP: 18/18 MP: 2/2
   509 | D:1      | Reached XP level 3. HP: 21/22 MP: 3/3
  1123 | D:2      | Reached XP level 4. HP: 26/28 MP: 4/4
  2219 | D:3      | Reached XP level 5. HP: 32/33 MP: 5/5
  2670 | D:3      | Found a radiant altar of Vehumet.
  2793 | D:3      | Reached XP level 6. HP: 39/39 MP: 6/6
  3149 | D:4      | Found a staircase to the Ecumenical Temple.
  3169 | Temple   | Entered the Ecumenical Temple
  3306 | Temple   | Became a worshipper of Warmaster Okawaru
  3426 | D:4      | Noticed a phantom
  3446 | D:4      | Killed a phantom
  3446 | D:4      | Reached skill level 5 in Fighting
  3446 | D:4      | Reached skill level 5 in Maces & Flails
  3956 | D:4      | Found a sparkling altar of Nemelex Xobeh.
  4104 | D:5      | Entered Level 5 of the Dungeon
  4207 | D:5      | Reached XP level 7. HP: 38/44 MP: 7/7
  4363 | D:5      | Found a shadowy altar of Dithmenos.
  4377 | D:5      | Reached skill level 1 in Armour
  4382 | D:5      | Reached skill level 1 in Shields
  4388 | D:5      | Reached * piety under Okawaru
  4850 | D:5      | Found an ancient bone altar of Kikubaaqudgha.
  4858 | D:5      | Found a hazy altar of Hepliaklqana.
  5066 | D:6      | Noticed Eustachio
  5086 | D:6      | Killed Eustachio
  5249 | D:6      | Reached XP level 8. HP: 51/51 MP: 8/8
  5255 | D:6      | Found a sand-covered staircase.
  5260 | Ossuary  | Entered an ossuary
  5421 | Ossuary  | Reached ** piety under Okawaru
  6725 | D:7      | Reached XP level 9. HP: 41/57 MP: 4/9
  7246 | D:7      | Noticed a two-headed ogre
  7258 | D:7      | Killed a two-headed ogre
  7258 | D:7      | Reached *** piety under Okawaru
  7258 | D:7      | Reached **** piety under Okawaru
  7817 | D:8      | Found a glowing golden altar of the Shining One.
  7904 | D:8      | Noticed a troll
  7926 | D:8      | Killed a troll
  8118 | D:8      | Reached skill level 5 in Dodging
  8196 | D:8      | Found a hide-covered altar of Uskayaw.
  8272 | D:8      | Reached XP level 10. HP: 65/65 MP: 7/10
  8604 | D:8      | Noticed Gastronok
  8630 | D:8      | Killed Gastronok
  8630 | D:8      | Reached ***** piety under Okawaru
  8630 | D:8      | Received a gift from Okawaru
  8630 | D:8      | Reached skill level 5 in Armour
  8630 | D:8      | Reached skill level 5 in Shields
  8828 | D:9      | Found Pemen's Antique Armour Shop.
  9161 | D:9      | Received a gift from Okawaru
  9266 | D:9      | Found a burning altar of Makhleb.
  9273 | D:9      | Found a shimmering altar of Xom.
  9291 | D:9      | You fall through a shaft!
  9291 | D:10     | Entered Level 10 of the Dungeon
  9400 | D:10     | Reached skill level 10 in Fighting
  9417 | D:10     | Reached skill level 1 in Invocations
  9524 | D:10     | Found a flagged portal.
  9538 | Bailey   | Entered a bailey
  9562 | Bailey   | Noticed an orc knight
  9596 | Bailey   | Killed an orc knight
  9596 | Bailey   | Reached XP level 11. HP: 72/72 MP: 5/12
  9699 | Bailey   | Found a burning altar of Makhleb.
  9728 | Bailey   | Got a brightly glowing leather armour
 10278 | D:10     | Found Una Guli's Armour Emporium.
 10281 | D:10     | Bought a +4 plate armour of fire resistance for 650 gold
                  | pieces
 10281 | D:10     | Bought a +0 pair of gloves for 58 gold pieces
 10510 | D:11     | Reached skill level 10 in Maces & Flails
 10530 | D:11     | Found a frozen archway.
 10648 | IceCv    | Entered an ice cave
 11285 | D:11     | Noticed a two-headed ogre
 11313 | D:10     | Killed a two-headed ogre
 11342 | D:11     | Noticed a deep elf mage
 11350 | D:11     | Killed a deep elf mage
 11385 | D:11     | Received a gift from Okawaru
 12012 | D:12     | Noticed a cyclops
 12020 | D:12     | Killed a cyclops
 12044 | D:12     | Noticed Urug
 12058 | D:12     | Killed Urug
 12058 | D:12     | Reached XP level 12. HP: 69/80 MP: 13/15
 12118 | D:12     | Found a staircase to the Orcish Mines.
 12170 | D:12     | Noticed Nessos
 12194 | D:12     | Killed Nessos
 12529 | D:12     | Noticed a death knight
 12546 | D:12     | Killed a death knight
 12546 | D:12     | Reached skill level 5 in Invocations
 12662 | D:12     | Noticed Rupert
 12695 | D:12     | Killed Rupert
 12815 | D:13     | Noticed Maurice
 13533 | D:13     | Noticed a centaur warrior
 13541 | D:13     | Killed a centaur warrior
 13541 | D:13     | Reached ****** piety under Okawaru
 13541 | D:13     | Received a gift from Okawaru
 13560 | D:13     | Noticed a centaur warrior
 13570 | D:13     | Killed a centaur warrior
 13657 | D:13     | Reached XP level 13. HP: 77/87 MP: 17/17
 14087 | D:13     | Killed Maurice
 14107 | D:13     | Received a gift from Okawaru
 14111 | D:13     | Got a brightly glowing mace {god gift}
 14112 | D:13     | Identified the +3 mace of Abstinence {crush, +Rage Str+6}
                  | (Okawaru gifted it to you on level 13 of the Dungeon)
 14578 | D:8      | Found a staircase to the Lair.
 14703 | Lair:1   | Entered Level 1 of the Lair of Beasts
 15808 | Lair:2   | You fall through a shaft for 2 floors!
 17182 | Lair:2   | Reached skill level 1 in Evocations
 17193 | Lair:2   | Received a gift from Okawaru
 17306 | Lair:2   | Found a staircase to the Shoals.
 17312 | Shoals:1 | Entered Level 1 of the Shoals
 17528 | Shoals:1 | Received a gift from Okawaru
 17528 | Shoals:1 | Gained mutation: Your large and strong wings let you fly
                  | indefinitely. [Gargoyle growth]
 17528 | Shoals:1 | Reached XP level 14. HP: 72/96 MP: 19/19
 19704 | Shoals:3 | Killed from afar by a manticore

Skill      XL: |  1  2  3  4  5  6  7  8  9 10 11 12 13 14 |
---------------+-------------------------------------------+-----
Fighting       | 3 4 5 6 7 8 10 11 12 14 | 14.8
Maces & Flails | 4 5 6 7 8 9 10 12 13 14 | 14.0
Dodging        | 3 4 5 6 7 8 |  8.9
Armour         | 1 3 4 5 |  5.7
Shields        | 2 3 4 6 7 |  7.6
Invocations    | 1 4 6 7 |  7.4
Evocations     | 1 3 |  3.4
Throwing       | |  1.7

Action                   |  1- 3 |  4- 6 |  7- 9 | 10-12 | 13-15 || total
-------------------------+-------+-------+-------+-------+-------++-------
Melee: Flail             |    92 |   161 |   492 |   500 |       ||  1245
       Great mace        |       |       |       |   206 |   473 ||   679
       Eveningstar       |       |       |       |    24 |   104 ||   128
       Mace              |       |       |       |    15 |       ||    15
       Punch             |       |       |       |     1 |     1 ||     2
Throw: Throwing net      |       |     4 |     1 |     5 |     1 ||    11
Invok: Heroism           |       |       |     6 |    12 |     8 ||    26
       Finesse           |       |       |       |     7 |       ||     7
 Abil: Fly               |       |       |       |       |     2 ||     2
       Stop Flying       |       |       |       |       |     1 ||     1
Evoke: Wand              |       |       |     3 |     7 |     3 ||    13
       Box of beasts     |       |       |       |       |     1 ||     1
  Use: Scroll            |       |     7 |     7 |     9 |     8 ||    31
       Potion            |       |       |     4 |     7 |     2 ||    13
 Stab: Sleeping          |       |     2 |       |       |       ||     2
       Held in net/web   |       |       |       |     1 |     1 ||     2
  Eat: Chunk             |     1 |     8 |     9 |    15 |    20 ||    53
       Ration            |       |       |     2 |     1 |       ||     3
Armor: Scale mail        |    53 |    34 |       |       |       ||    87
       Chain mail        |       |    58 |   218 |   115 |       ||   391
       Plate armour      |       |       |       |   319 |   462 ||   781
Dodge: Dodged            |    67 |    56 |   175 |   340 |   326 ||   964
Block: Buckler           |       |    32 |   183 |   295 |       ||   510
       Reflection        |       |       |     1 |    50 |    13 ||    64
       Other             |       |       |       |    80 |   166 ||   246
